 Dungeon Crawl Stone Soup version 0.20-a0-854-g0cc194a (console) character file.

250884 nht the Executioner (level 20, -13/174 HPs)
             Began as a Hill Orc Gladiator on Mar 11, 2017.
             Was the Champion of Okawaru.
             Mangled by a titanic slime creature (44 damage)
             ... on level 1 of the Vaults.
             The game lasted 01:09:23 (32876 turns).

nht the Executioner (Hill Orc Gladiator)           Turns: 32876, Time: 01:09:24

Health: -13/174    AC: 36    Str: 31    XL:     20   Next: 8%
Magic:  12/12      EV: 13    Int: 10    God:    Okawaru [******]
Gold:   1414       SH:  0    Dex: 12    Spells: 19/19 levels left

rFire    + . .     SeeInvis .   z - +8 battleaxe {antimagic, MR++}
rCold    + + .     Gourm    .   p - +12 plate armour of the End {rPois rC+ MR+}
rNeg     . . .     Faith    +   (shield currently unavailable)
rPois    +         Spirit   .   M - +0 hat {MR+}
rElec    .         Reflect  .   Y - +1 cloak {+Inv}
rCorr    .         Harm     .   E - +0 pair of gloves
MR       +++++                  c - +0 pair of boots
Stlth    ..........             h - amulet of faith
Regen    0.4/turn               H - +3 ring of evasion
MPRegen  0.2/turn               Z - ring "Weblil" {rF+ MP+9 Str+7}

@: about to teleport
A: clever 1, cold resistance 1, weak 1
}: 1/15 runes: serpentine
a: Heroism, Finesse, Renounce Religion, Evoke Invisibility


You were on level 1 of the Vaults.
You worshipped Okawaru.
Okawaru was exalted by your worship.
You were not hungry.

You visited 6 branches of the dungeon, and saw 29 of its levels.
You also visited: Ossuary.

You collected 2581 gold pieces.
You spent 1167 gold pieces at shops.

Inventory:

Hand Weapons
 a - a +5 executioner's axe of draining
 b - the +6 whip of Unwues Cuno {flame, rElec Int+4}
   (You found it on level 4 of the Dungeon)

   It has been specially enchanted to burn those struck by it, causing extra
   injury to most foes and up to half again as much damage against particularly
   susceptible opponents.
   It affects your intelligence (+4).
   It insulates you from electricity.
 z - the +8 battleaxe of Joyful Slaughter (weapon) {antimagic, MR++}
   (Okawaru gifted it to you on level 1 of the Vaults)

   It reduces the magical energy of the wielder, and disrupts the spells and
   magical abilities of those hit.
   Natural abilities and divine invocations are not affected.
   It affects your resistance to hostile enchantments.
Missiles
 j - 3 silver tomahawks
 l - 11 javelins of penetration
 w - 7 steel javelins
 A - 8 javelins
 I - 10 silver javelins
 K - 11 tomahawks
 N - 3 throwing nets
 W - 11 javelins of returning (quivered)
Armour
 c - a +0 pair of boots (worn)
 p - the +12 plate armour of the End (worn) {rPois rC+ MR+}
   (Okawaru gifted it to you on level 3 of the Snake Pit)

   It protects you from cold.
   It protects you from poison.
   It affects your resistance to hostile enchantments.
 r - a +0 helmet of see invisible
 E - a +0 pair of gloves (worn)
 L - a +2 cloak of poison resistance
 M - a +0 hat of magic resistance (worn)
 R - the +0 pair of boots of Articulation {-Tele rF++ rCorr Str+3 SInv}
   (Okawaru gifted it to you on level 4 of the Snake Pit)

   It affects your strength (+3).
   It greatly protects you from fire.
   It lets you see invisible.
   It prevents most forms of teleportation.
   It protects you from acid and corrosion.
 Y - a +1 cloak of invisibility (worn)
Jewellery
 g - an uncursed ring of flight
 h - an amulet of faith (around neck)
 H - a +3 ring of evasion (right hand)
 Z - the ring "Weblil" (left hand) {rF+ MP+9 Str+7}
   (You took it off a wizard on level 12 of the Dungeon)

   [ring of magical power]

   It affects your strength (+7).
   It protects you from fire.
   It affects your magic capacity (+9).
Wands
 D - a wand of digging (12/24)
 Q - a wand of iceblast (6/15)
Scrolls
 u - 13 scrolls of remove curse
 v - 6 scrolls of magic mapping
 y - 13 scrolls of teleportation
 B - 4 scrolls of enchant weapon
 F - 4 scrolls of blinking
 J - 2 scrolls of fog
 O - a scroll of recharging
 P - 3 scrolls of identify
 U - 2 scrolls of enchant armour
Potions
 e - 5 potions of brilliance
 m - 7 potions of mutation
 n - 3 potions of haste
 o - 10 potions of curing
 q - 8 potions of heal wounds
 s - 3 potions of ambrosia
 x - a potion of agility
 C - 6 potions of cancellation
 G - 5 potions of might
 S - 3 potions of berserk rage
 T - a potion of resistance
 V - a potion of invisibility {unknown}
 X - 2 potions of lignification
Comestibles
 d - 10 fruits
 f - 16 bread rations
 i - 15 chunks of flesh
 k - 16 royal jellies
 t - 14 meat rations


   Skills:
 + Level 14.3 Fighting
 + Level 26.6 Axes
 - Level 16.0 Throwing
 + Level 17.7 Armour
 - Level 2.4 Dodging
 + Level 10.0 Invocations


You had 19 spell levels left.
You didn't know any spells.

Dungeon Overview and Level Annotations

Branches:
Dungeon (15/15)            Temple (1/1) D:6            Lair (6/6) D:9
  Swamp (0/4) Lair:2        Snake (4/4) Lair:4        Slime (0/5) Lair:5
    Orc (2/2) D:10            Elf (0/3) Orc:2        Vaults (1/5) D:14
 Depths (0/5) D:15

Altars:
Ashenzari
Cheibriados
Dithmenos
Elyvilon
Fedhas
Gozag
Hepliaklqana
Kikubaaqudgha
Makhleb
Nemelex Xobeh
Okawaru
Qazlal
Ru
Sif Muna
Trog
Uskayaw
Vehumet
Wu Jian
Xom
Yredelemnul
Zin
The Shining One
Beogh
Jiyva

Shops:
Orc:2 [:*(   Snake:3 *

Annotations:
Lair:4 rcorr, exclusion: 4 oklob plants


Innate Abilities, Weirdness & Mutations

Your mind is acute. (Int +2)
Your flesh is cold resistant. (rC+)
You are weak. (Str -2)


Message History

You slice the titanic slime creature!!
The titanic slime creature is heavily wounded.
You hit the titanic slime creature.
The titanic slime creature is heavily wounded.
The titanic slime creature closely misses you.
A slime creature and an ogre mage come into view.
You hit the titanic slime creature.
The titanic slime creature is heavily wounded.
The slime creature moves out of view.
The titanic slime creature hits you!!!
* * * LOW HITPOINT WARNING * * *
The ogre mage closely misses you.
You are too injured to fight recklessly!
You are too injured to fight recklessly!
Okay, then.
Unknown command.
As you read the scroll of teleportation, it crumbles to dust.
You feel strangely unstable.
You feel yourself speed up. The titanic slime creature hits you!!!
You die... █████████████

█████████████......(....█
█...........█.█████'███.█
█.....█.....█.█.......█
█....███....█.█.█████(█
█...........█.█ey █.█
█..█.....█..'.█J█ █.█
+.██.....██.█.█@█ █(█
█..█.....█..█.█.█████.█
█...........█.█.O...(.█
█....███.>..█.█████████
█.....█.....█..
█...........███


██'███████+███ ...'........█ ≈≈(█........█ You could see a titanic slime
creature, an ogre mage, a deep elf archer and a hornet.

Vanquished Creatures
  Saint Roka (Snake:4)
  Vashnia (Snake:3)
  Nikola (Snake:1)
  Kirke (Lair:4)
  Agnes (Snake:4)
  11 nagarajas
  2 orc warlords (Orc:2)
  A deep elf sorcerer (Vaults:1)
  Aizul (Snake:1)
  5 ironheart preservers (Vaults:1)
  A deep elf demonologist (Vaults:1)
  An entropy weaver (Vaults:1)
  A very ugly thing (D:8)
  A stone giant (Orc:1)
  The ghost of nht the Executioner, a journeyman HOGl of Gozag (Lair:6)
  An ettin (D:14)
  A yaktaur captain (Vaults:1)
  A rakshasa (D:15)
  6 hydras
  13 naga warriors
  Harold (Orc:1)
  2 centaur warriors
  Erica (D:8)
  17 anacondas
  7 catoblepae
  10 two-headed ogres
  3 tengu warriors
  2 ogre magi (Vaults:1)
  10 death yaks
  3 deep troll shamans (Vaults:1)
  2 deep troll earth magi (Vaults:1)
  19 naga sharpshooters
  4 orc high priests (Orc:2)
  6 shock serpents
  A deep elf knight (Vaults:1)
  Urug (D:10)
  Nergalle (Lair:2)
  7 salamander mystics
  A skeletal warrior (D:12)
  An iron troll (D:14)
  4 unseen horrors
  6 naga ritualists
  4 deep trolls (Vaults:1)
  2 glowing orange brains
  3 lindwurms (Snake:4)
  A deep elf archer (Vaults:1)
  2 wizards
  2 ironbrand convokers (Vaults:1)
  6 mana vipers
  A necromancer (Lair:5)
  A harpy (shapeshifter) (D:15)
  A wolf spider zombie (D:15)
  A wolf spider (Vaults:1)
  An oklob plant (Lair:3)
  6 orc knights
  5 orc sorcerers
  19 ugly things
  6 deep elf magi
  4 manticores
  5 cyclopes
  6 elephants
  11 salamanders
  Maurice (D:11)
  5 guardian serpents
  16 naga magi
  3 vault sentinels (Vaults:1)
  30 black mambas
  Psyche (D:8)
  A guardian serpent (shapeshifter) (D:15)
  5 orange demons (D:13)
  A gargoyle (D:12)
  5 centaur skeletons
  20 spiny frogs
  5 komodo dragons
  6 kobold demonologists
  4 freezing wraiths
  3 rime drakes
  3 meliai (D:14)
  2 tengu conjurers
  3 red devils (D:13)
  8 trolls
  A merfolk (shapeshifter) (D:15)
  4 polar bears (Lair:1)
  A meliai (shapeshifter) (D:14)
  A hornet (D:15)
  11 hippogriffs
  10 slime creatures
  7 dream sheep (Lair:4)
  16 blink frogs
  A redback (Vaults:1)
  A shadow (D:13)
  A human (shapeshifter) (D:15)
  3 hogs (Lair:4)
  A spriggan (D:8)
  2 water elementals (D:14)
  3 wyverns
  36 yaks
  3 wraiths
  A hungry ghost (D:7)
  2 basilisks (Lair:5)
  Grum (D:11)
  42 nagas
  12 vampire mosquitoes
  7 wargs
  3 acid dragons
  A soldier ant (D:15)
  11 water moccasins
  6 porcupines
  6 black bears
  45 orc warriors
  3 phantoms
  5 ice beasts
  3 sky beasts
  3 elephant zombies (Lair:5)
  An eye of draining (D:10)
  16 ogres
  14 centaurs
  9 wolves
  18 crocodiles
  6 big kobolds
  18 bullfrogs
  A water moccasin zombie (D:10)
  A wyvern skeleton (D:15)
  8 scorpions
  A water moccasin skeleton (D:7)
  5 killer bees
  9 howler monkeys
  8 wights
  An electric eel (Lair:5)
  7 crimson imps
  2 bullfrog zombies
  A basilisk zombie (Lair:5)
  8 centaur zombies
  4 hounds
  2 jellies
  Crazy Yiuf (D:5)
  44 orc priests
  A bullfrog skeleton (D:12)
  7 hell rats
  2 iguanas
  43 orc wizards
  14 worker ants
  Terence (D:2)
  A killer bee zombie (D:6)
  A big kobold zombie (Ossuary)
  A hound skeleton (D:11)
  4 mummies (Ossuary)
  A worker ant zombie (D:6)
  12 gnolls
  12 adders
  2 shadow imps
  An ooze (D:2)
  An adder zombie (D:6)
  4 worms
  4 dart slugs
  A leopard gecko (D:1)
  127 orcs
  5 giant cockroaches
  7 goblins
  10 hobgoblins
  11 jackals
  2 quokkas
  A ball python (D:3)
  7 bats
  7 frilled lizards
  4 hobgoblin zombies (Ossuary)
  16 kobolds
  A leopard gecko zombie (D:5)
  6 rats
  6 fungi
  6 plants
1137 creatures vanquished.

Vanquished Creatures (collateral kills)
  A shock serpent (Snake:4)
  2 salamander mystics (Snake:4)
  A lindwurm (Snake:4)
4 creatures vanquished.

Vanquished Creatures (others)
  A bush (Lair:1)
  3 fungi
  11 plants
15 creatures vanquished.

Grand Total: 1156 creatures vanquished

Notes
Turn   | Place    | Note
-------+----------+-------------------------------------------
     0 | D:1      | nht the Hill Orc Gladiator began the quest for the Orb.
     0 | D:1      | Reached XP level 1. HP: 18/18 MP: 1/1
    45 | D:1      | Reached skill level 5 in Axes
    45 | D:1      | Reached XP level 2. HP: 8/25 MP: 2/2
   434 | D:1      | Reached XP level 3. HP: 25/30 MP: 3/3
   871 | D:2      | Reached skill level 6 in Axes
   993 | D:2      | Found an ancient bone altar of Kikubaaqudgha.
  1022 | D:1      | Gained mutation: You tend to lose your temper in combat. [potion of mutation]
  1022 | D:1      | Gained mutation: You are partially covered in thin metallic scales. (AC +2) [potion of mutation]
  1025 | D:1      | Reached XP level 4. HP: 8/37 MP: 4/4
  1462 | D:2      | Reached skill level 7 in Axes
  1570 | D:2      | Lost mutation: You tend to lose your temper in combat. [potion of mutation]
  1570 | D:2      | Lost mutation: You are partially covered in thin metallic scales. (AC +2) [potion of mutation]
  1570 | D:2      | Gained mutation: You are weak. (Str -2) [potion of mutation]
  1570 | D:2      | Gained mutation: Your mind is acute. (Int +2) [potion of mutation]
  1570 | D:2      | Gained mutation: Your flesh is cold resistant. (rC+) [potion of mutation]
  1576 | D:2      | Noticed Terence
  1589 | D:2      | Killed Terence
  1589 | D:2      | Reached XP level 5. HP: 41/42 MP: 5/5
  1809 | D:2      | Reached skill level 8 in Axes
  2103 | D:3      | Reached XP level 6. HP: 44/50 MP: 6/6
  2349 | D:4      | Got a translucent whip
  2372 | D:4      | Reached skill level 9 in Axes
  2627 | D:4      | Found a sand-covered staircase.
  2647 | Ossuary  | Entered an ossuary
  2679 | Ossuary  | Reached skill level 10 in Axes
  2679 | Ossuary  | Reached XP level 7. HP: 56/56 MP: 7/7
  2913 | D:4      | Reached skill level 11 in Axes
  3075 | D:4      | Found an opulent altar of Gozag.
  3377 | D:4      | Identified the +6 whip of Unwues Cuno {flame, rElec Int+4} (You found it on level 4 of the Dungeon)
  3410 | D:5      | Entered Level 5 of the Dungeon
  3455 | D:5      | Found a runed door.
  3528 | D:5      | Reached XP level 8. HP: 62/62 MP: 8/8
  3535 | D:5      | Reached skill level 12 in Axes
  3625 | D:5      | Found an ancient bone altar of Kikubaaqudgha.
  3896 | D:5      | Noticed Crazy Yiuf
  3904 | D:5      | Killed Crazy Yiuf
  4344 | D:6      | Found a staircase to the Ecumenical Temple.
  4352 | Temple   | Entered the Ecumenical Temple
  4632 | Temple   | Became a worshipper of Warmaster Okawaru
  4833 | D:6      | Found a deep blue altar of Sif Muna.
  4871 | D:6      | Reached skill level 13 in Axes
  5347 | D:6      | Reached * piety under Okawaru
  5347 | D:6      | Reached skill level 14 in Axes
  5418 | D:7      | Reached skill level 1 in Invocations
  5418 | D:7      | Reached XP level 9. HP: 63/68 MP: 9/9
  5522 | D:8      | Reached skill level 1 in Armour
  5621 | D:8      | Reached ** piety under Okawaru
  5696 | D:8      | Noticed a two-headed ogre
  5702 | D:8      | Noticed Psyche
  5709 | D:8      | Killed a two-headed ogre
  5709 | D:8      | Reached *** piety under Okawaru
  5709 | D:8      | Reached skill level 5 in Fighting
  5720 | D:8      | Reached skill level 5 in Invocations
  5722 | D:8      | Killed Psyche
  5722 | D:8      | Reached XP level 10. HP: 70/83 MP: 10/14
  5730 | D:8      | Noticed a red very ugly thing
  5750 | D:8      | Killed a cyan very ugly thing
  5750 | D:8      | Reached **** piety under Okawaru
  5750 | D:8      | Reached skill level 15 in Axes
  5750 | D:8      | Reached skill level 5 in Armour
  5795 | D:8      | Noticed a two-headed ogre
  5809 | D:8      | Killed a two-headed ogre
  5809 | D:8      | Reached ***** piety under Okawaru
  6436 | D:7      | Identified a scroll of acquirement
  6570 | D:8      | Found a radiant altar of Vehumet.
  6582 | D:8      | Noticed Erica
  6644 | D:8      | Killed Erica
  6644 | D:8      | Received a gift from Okawaru
  6644 | D:8      | Reached XP level 11. HP: 92/92 MP: 16/16
  6675 | D:8      | Noticed a two-headed ogre
  6682 | D:8      | Killed a two-headed ogre
  6682 | D:8      | Reached skill level 10 in Armour
  6922 | D:9      | Found a staircase to the Lair.
  6922 | D:9      | Noticed a death yak
  6935 | D:9      | Killed a death yak
  6935 | D:9      | Received a gift from Okawaru
  6936 | D:9      | Got a dazzling scarf {god gift}
  7098 | D:9      | Identified the scarf "Cein Cuu" {*Corrode Str+3 Dex+4 SInv} (Okawaru gifted it to you on level 9 of the Dungeon)
  7358 | Lair:1   | Entered Level 1 of the Lair of Beasts
  7463 | Lair:1   | Noticed a six-headed hydra
  7605 | Lair:2   | Noticed Nergalle
  7618 | Lair:2   | Killed Nergalle
  7641 | Lair:2   | Reached skill level 5 in Throwing
  7646 | Lair:2   | Noticed a five-headed hydra
  8110 | Lair:3   | Reached XP level 12. HP: 90/100 MP: 17/17
  8120 | Lair:3   | Received a gift from Okawaru
  8124 | Lair:3   | Got an opalescent robe {god gift}
  9331 | Lair:2   | Killed a six-headed hydra
  9839 | Lair:2   | Found a staircase to the Swamp.
 10664 | Lair:1   | Killed a six-headed hydra
 10719 | Lair:1   | Reached skill level 16 in Axes
 10762 | Lair:1   | HP: 1/103 [polar bear (14)]
 11299 | Lair:1   | Reached ****** piety under Okawaru
 11758 | Lair:2   | Reached XP level 13. HP: 60/110 MP: 19/19
 11859 | Lair:3   | Received a gift from Okawaru
 12115 | Lair:4   | Found a staircase to the Snake Pit.
 12271 | Lair:4   | Reached skill level 17 in Axes
 12349 | Lair:4   | Noticed Kirke
 12360 | Lair:4   | Killed Kirke
 12788 | Lair:4   | Received a gift from Okawaru
 12929 | Lair:4   | Got a warped broad axe {god gift}
 12930 | Lair:4   | Identified the +1 broad axe "Beastbane" {drain, rC+ rN+ Dex+4} (Okawaru gifted it to you on level 4 of the Lair of Beasts)
 12953 | Lair:5   | Found a viscous altar of Jiyva.
 12953 | Lair:5   | Found a staircase to the Slime Pits.
 13069 | Lair:5   | Reached skill level 18 in Axes
 13912 | Lair:6   | Entered Level 6 of the Lair of Beasts
 13958 | Lair:6   | Reached skill level 10 in Throwing
 14029 | Lair:6   | Noticed nht's ghost (journeyman HOGl)
 14046 | Lair:6   | Killed nht's ghost
 14150 | Lair:6   | Received a gift from Okawaru
 14370 | Lair:6   | Reached XP level 14. HP: 101/116 MP: 20/20
 14402 | Lair:6   | Received a gift from Okawaru
 14953 | Lair:6   | Received a gift from Okawaru
 15163 | Lair:6   | Received a gift from Okawaru
 15271 | Lair:6   | Reached skill level 15 in Armour
 15414 | Lair:6   | Received a gift from Okawaru
 15723 | D:10     | Entered Level 10 of the Dungeon
 15856 | D:10     | Found a staircase to the Orcish Mines.
 16023 | D:10     | Noticed Urug
 16039 | D:10     | Killed Urug
 16039 | D:10     | Received a gift from Okawaru
 16802 | D:11     | Noticed Grum
 16812 | D:11     | Killed Grum
 16812 | D:11     | Reached skill level 10 in Invocations
 17288 | D:11     | Noticed Maurice
 17294 | D:11     | Killed Maurice
 17856 | D:12     | Reached skill level 19 in Axes
 17856 | D:12     | Reached XP level 15. HP: 82/124 MP: 22/22
 18339 | D:12     | Got a coiled glass ring
 18556 | D:12     | Reached skill level 15 in Throwing
 18862 | Orc:1    | Entered Level 1 of the Orcish Mines
 19008 | Orc:2    | Entered Level 2 of the Orcish Mines
 19267 | Orc:1    | Noticed Harold
 19274 | Orc:1    | Killed Harold
 19447 | Orc:2    | Received a gift from Okawaru
 19600 | Orc:2    | Found a roughly hewn altar of Beogh.
 19764 | Orc:2    | Noticed an orc warlord
 19780 | Orc:2    | Killed an orc warlord
 19780 | Orc:2    | Reached skill level 20 in Axes
 20120 | Orc:2    | Found Qithoysk's Armour Emporium.
 20214 | Orc:2    | Found Wybal's Book Shoppe.
 20974 | Orc:2    | Noticed an orc warlord
 20990 | Orc:2    | Killed an orc warlord
 20997 | Orc:2    | Found a roughly hewn altar of Beogh.
 21037 | Orc:2    | Found Qoidduf's Antique Weapon Shoppe.
 21159 | Orc:2    | Found Xyafuow's Assorted Antiques.
 21188 | Orc:2    | Bought a scroll labeled PEF CUGANU for 25 gold pieces
 21188 | Orc:2    | Bought a scroll labeled PEF CUGANU for 25 gold pieces
 21188 | Orc:2    | Bought a scroll of blinking for 187 gold pieces
 21188 | Orc:2    | Bought a scroll of teleportation for 75 gold pieces
 21188 | Orc:2    | Bought a shiny jade ring for 125 gold pieces
 21493 | Orc:2    | Found a staircase to the Elven Halls.
 22135 | D:13     | Reached skill level 21 in Axes
 22174 | D:13     | Received a gift from Okawaru
 22275 | D:13     | Received a gift from Okawaru
 22287 | D:13     | Received a gift from Okawaru
 23028 | D:14     | Reached XP level 16. HP: 93/132 MP: 23/23
 23216 | D:14     | Found a gate to the Vaults.
 23312 | D:14     | Identified the ring "Weblil" {rF+ MP+9 Str+7} (You took it off a wizard on level 12 of the Dungeon)
 23331 | D:14     | Received a gift from Okawaru
 23568 | D:14     | Reached skill level 22 in Axes
 23632 | D:14     | Identified the +0 robe of Sin {rF+ MR+} (Okawaru gifted it to you on level 3 of the Lair of Beasts)
 23941 | D:15     | Entered Level 15 of the Dungeon
 24136 | D:15     | Received a gift from Okawaru
 24636 | D:15     | Received a gift from Okawaru
 24892 | D:15     | Found a staircase to the Depths.
 24950 | D:15     | Received a gift from Okawaru
 25429 | D:15     | Received a gift from Okawaru
 25769 | Snake:1  | Entered Level 1 of the Snake Pit
 25942 | Snake:1  | Noticed Nikola
 25954 | Snake:1  | Killed Nikola
 25954 | Snake:1  | Reached skill level 23 in Axes
 26006 | Snake:1  | Received a gift from Okawaru
 26265 | Snake:1  | Reached skill level 10 in Fighting
 26379 | Snake:1  | Found a hazy altar of Hepliaklqana.
 26379 | Snake:1  | Noticed Aizul
 26390 | Snake:1  | Killed Aizul
 26769 | Snake:1  | Reached XP level 17. HP: 140/140 MP: 24/24
 28366 | Snake:3  | Found Xuss's Assorted Antiques.
 28382 | Snake:3  | Bought an ichor-stained ring mail for 378 gold pieces
 28382 | Snake:3  | Bought a lumpy coppery potion for 37 gold pieces
 28382 | Snake:3  | Bought a glowing cloak for 315 gold pieces
 28382 | Snake:3  | Identified the +2 ring mail of Reatiec {Str+4} (You bought it in a shop on level 3 of the Snake Pit)
 28385 | Snake:3  | Reached skill level 24 in Axes
 28385 | Snake:3  | Reached XP level 18. HP: 113/151 MP: 25/25
 28446 | Snake:3  | Noticed Vashnia
 28473 | Snake:3  | Killed Vashnia
 28523 | Snake:3  | Received a gift from Okawaru
 28694 | Snake:3  | Identified the +12 plate armour of the End {rPois rC+ MR+} (Okawaru gifted it to you on level 3 of the Snake Pit)
 29035 | Snake:4  | Entered Level 4 of the Snake Pit
 29189 | Snake:4  | Noticed Agnes
 29200 | Snake:4  | Killed Agnes
 29560 | Snake:4  | Noticed Saint Roka
 29591 | Snake:4  | Killed Saint Roka
 29691 | Snake:4  | Received a gift from Okawaru
 29961 | Snake:4  | Reached skill level 25 in Axes
 30008 | Snake:4  | Reached XP level 19. HP: 155/162 MP: 26/26
 30142 | Snake:4  | Received a gift from Okawaru
 30192 | Snake:4  | Received a gift from Okawaru
 30334 | Snake:4  | Received a gift from Okawaru
 30335 | Snake:4  | Got a pair of ancient boots {god gift}
 30357 | Snake:4  | Identified the +0 pair of boots of Articulation {-Tele rF++ rCorr Str+3 SInv} (Okawaru gifted it to you on level 4 of the Snake Pit)
 30998 | Snake:4  | Got a serpentine rune of Zot
 31803 | Vaults:1 | Entered Level 1 of the Vaults
 31887 | Vaults:1 | Reached skill level 26 in Axes
 31954 | Vaults:1 | Received a gift from Okawaru
 31960 | Vaults:1 | Received a gift from Okawaru
 32327 | Vaults:1 | Reached XP level 20. HP: 147/174 MP: 27/27
 32386 | Vaults:1 | Received a gift from Okawaru
 32404 | Vaults:1 | Got an encrusted battleaxe {god gift}
 32405 | Vaults:1 | Identified the +8 battleaxe of Joyful Slaughter {antimagic, MR++} (Okawaru gifted it to you on level 1 of the Vaults)
 32876 | Vaults:1 | Mangled by a titanic slime creature

Vault maps used:
D:1:      minmay_arrival_shattered_statue
D:2:      lemuel_crystal_altar, uniq_terence
D:4:      black_bear_nest_2, enter_ossuary_1,
          nicolae_gozag_cash_rules_everything_around_me
D:5:      first_bread, lemuel_tele_altar, uniq_crazy_yiuf_cottage
D:6:      minmay_temple_entry_glassed_door, led_sif_pool
D:8:      basic_altar, the_bakery, kennysheep_just_a_vault, uniq_erica,
          uniq_psyche
D:9:      david_lair_generic
D:10:     orc_0_dummy, grunt_ministairs_2, minivault_24, minivault_26, uniq_urug
D:11:     uniq_maurice, uniq_grum
D:12:     minmay_blocking_statues
D:13:     minmay_beelzebubs_servants
D:14:     david_vaults_4, serial_bayou_ford_a, wad_floor_pattern_untrapped
D:15:     gammafunk_enter_depths_forms, serial_bayou_pond_a
Temple:   roderic_octagonal_lattice_temple
Lair:1:   beast_lair_carwin_large_1, wad_woods_06
Lair:2:   minmay_swamp_entry_swarm, grunt_megastairs_2, uniq_nergalle
Lair:3:   minmay_lair_oklob_items
Lair:4:   minmay_snake_entry_guardpost_medium, lemuel_fruit_tree,
          minmay_lair_oklob_chamber, serial_bayou_shore_b, uniq_kirke
Lair:5:   pond_and_an_island_with_a_cottage, slime_altar_1,
          kennysheep_basilisk_garden
Lair:6:   evilmike_catoblepas_cave
Snake:1:  basic_altar, uniq_aizul, uniq_nikola
Snake:2:  spider_trap
Snake:3:  serial_shops, nicolae_shop_stone, serial_bayou_shore_b, uniq_vashnia
Snake:4:  snake_pit_salamanders_mu, serial_bayou_shore_b, uniq_agnes,
          uniq_saint_roka
Orc:1:    uniq_harold
Orc:2:    pubby_orc_utopia
Vaults:1: dpeg_vaults_monster_row, hangedman_vaults_capsules, v_rooms_1,
          grunt_vaults_focal, vaults_dpeg_hooks, ontoclasm_vaults_misaligned,
          hangedman_vaults_river_flow, nicolae_vaults_little_squares_4,
          v_misc_8, vaults_room_door_ring, v_alt_pattern_5, vaults_mumra_lcd,
          vaults_room_fours, ontoclasm_vaults_ring_square, serial_shops, shop
Ossuary:  ossuary_the_hunt_dpeg

Skill      XL: |  1  2  3  4  5  6  7  8  9 10 11 12 13 14 15 16 17 18 19 |
---------------+----------------------------------------------------------+-----
Axes           | 5 6 7 8 10 11 14 15 16 18 19 21 23 24 25 26 | 26.6
Invocations    | 1 5 7 9 10 | 10.0
Armour         | 4 8 13 14 15 16 17 | 17.7
Fighting       | 5 7 8 9 10 11 12 14 | 14.3
Throwing       | 5 8 12 14 15 16 | 16.0
Dodging        | |  2.4

Action                   |  1- 3 |  4- 6 |  7- 9 | 10-12 | 13-15 | 16-18 | 19-21 || total
-------------------------+-------+-------+-------+-------+-------+-------+-------++-------
Melee: War axe           |    88 |   211 |   303 |   147 |       |       |       ||   749
       Punch             |       |       |     1 |       |       |       |       ||     1
       Battleaxe         |       |       |       |   389 |   981 |    44 |    26 ||  1440
       Broad axe         |       |       |       |       |   156 |       |       ||   156
       Executioner's axe |       |       |       |       |    77 |   403 |   291 ||   771
       Whip              |       |       |       |       |       |     5 |     3 ||     8
Throw: Throwing net      |       |       |     2 |     6 |       |       |       ||     8
       Tomahawk          |       |       |       |    51 |   180 |   477 |   140 ||   848
       Javelin           |       |       |       |     2 |       |    12 |   122 ||   136
Invok: Heroism           |       |       |     1 |    12 |    15 |     8 |     4 ||    40
       Finesse           |       |       |       |       |     3 |     8 |     2 ||    13
Evoke: Wand              |       |       |       |     8 |     8 |       |       ||    16
  Use: Potion            |     1 |     3 |     4 |     1 |     2 |     1 |     1 ||    13
       Scroll            |       |     9 |    12 |    11 |     7 |    11 |     1 ||    51
 Stab: Held in net/web   |       |       |     1 |     3 |       |       |       ||     4
       Petrified         |       |       |       |       |     8 |       |       ||     8
       Petrifying        |       |       |       |       |     1 |       |       ||     1
       Confused          |       |       |       |       |       |     2 |       ||     2
       Distracted        |       |       |       |       |       |     1 |       ||     1
  Eat: Chunk             |       |     6 |     9 |    19 |    37 |    16 |     2 ||    89
       Bread ration      |       |       |     3 |       |       |       |       ||     3
       Fruit             |       |       |     2 |       |       |     5 |    12 ||    19
Armor: Leather armour    |    23 |    29 |       |       |       |       |       ||    52
       Scale mail        |       |    62 |   133 |   276 |    99 |       |       ||   570
       Crystal plate arm |       |       |       |       |   823 |   295 |       ||  1118
       Plate armour      |       |       |       |       |       |    48 |   215 ||   263
Dodge: Dodged            |    68 |   138 |   121 |   277 |   332 |   177 |   168 ||  1281
